 Dungeon Crawl Stone Soup version 0.30.0-30-g96aa6591b8 (webtiles) character file.

Game seed: 7643060720736147190

672 H0rd4k the Charlatan (level 7, -2/53 HPs)
             Began as a Human Artificer on June 27, 2023.
             Slain by a gnoll
             ... wielding a +0 club
             ... led by a gnoll bouda
              (8 damage)
             ... on level 6 of the Dungeon.
             The game lasted 00:05:09 (4715 turns).

H0rd4k the Charlatan (Human Artificer)              Turns: 4715, Time: 00:05:10

Health: -2/53      AC:  3    Str: 13    XL:     7   Next: 90%
Magic:  25/25      EV: 13    Int: 13    God:
Gold:   200        SH:  0    Dex: 13    Spells: 6/6 levels left

rFire   . . .        o - +0 dagger (venom)
rCold   . . .        (no shield)
rNeg    . . .        b - +0 leather armour
rPois   .            (no helmet)
rElec   .            (no cloak)
rCorr   .            (no gloves)
SInv    .            (no boots)
Will    .....        (no amulet)
Stlth   ++           n - ring of magical power
HPRegen 0.28/turn    t - ring of magical power
MPRegen 0.19/turn

%: no passive effects
@: no status effects
A: no striking features
a: no special abilities


You were on level 6 of the Dungeon.
You visited 1 branch of the dungeon, and saw 5 of its levels.
You also visited: Sewer.

You collected 200 gold pieces.

Inventory:

Hand Weapons
 e - a +0 dagger
 o - a +0 dagger of venom (weapon)
Missiles
 l - 27 poisoned darts
 u - a throwing net
Armour
 b - a +0 leather armour (worn)
Jewellery
 n - a ring of magical power (left hand)
 t - a ring of magical power (right hand)
 w - a ring of fire
Wands
 c - a wand of flame (14) (quivered)
 d - a wand of charming (13)
Scrolls
 f - 4 scrolls of identify {unknown}
 h - 2 scrolls of teleportation {unknown}
 i - 2 scrolls of immolation {unknown}
 v - a scroll of magic mapping {unknown}
Potions
 a - a potion of degeneration {unknown}
 g - a potion of flight {unknown}
 j - 2 potions of curing {unknown}
 k - 5 potions of heal wounds {unknown}
 m - 3 potions of brilliance {unknown}
 p - 2 potions of mutation {unknown}
 q - a potion of invisibility {unknown}
 r - a potion of might {unknown}
 s - a potion of lignification


   Skills:
 + Level 3.6 Fighting
 + Level 3.5 Short Blades
 - Level 2.2 Maces & Flails
 - Level 2.0 Armour
 + Level 4.2 Dodging
 + Level 1.5 Stealth
 + Level 4.2 Evocations


You had 6 spell levels left.
You didn't know any spells.
Your spell library contained the following spells:

 Spells                   Type           Power      Damage    Failure   Level
 Call Canine Familiar     Summ           0%         N/A       75%         3
 Inner Flame              Hex/Fire       0%         N/A       75%         3
 Portal Projectile        Hex/Tloc       0%         N/A       75%         3
 Stone Arrow              Conj/Erth      0%         3d7       75%         3
 Animate Armour           Summ/Erth      0%         N/A       98%         4
 Leda's Liquefaction      Hex/Erth       0%         N/A       98%         4
 Yara's Violent Unravell  Hex/Tmut       0%         3d3       100%        5
 Enfeeble                 Hex            0%         N/A       100%        7
 Lehudib's Crystal Spear  Conj/Erth      0%         10d2      100%        8


Dungeon Overview and Level Annotations

Branches:
Dungeon (4/15)              Sewer (visited)
 Temple: D:4-7

Altars:
Vehumet

Shops:
D:2 *


Message History

The orc is heavily wounded.
The orc hits you with a +0 flail!
You hit the orc.
You kill the orc!
You hit the orc.
The orc is poisoned.
The orc is severely wounded.
The orc hits you with a +0 whip.
You hit the orc.
You kill the orc!
You hit the orc.
The orc is poisoned.
The orc is moderately wounded.
The orc closely misses you.
You hit the orc.
The orc looks as sick as possible!
The orc is heavily wounded.
The orc hits you with a +0 mace.
A gnoll bouda comes into view. It is wielding a +0 whip.
The gnoll bouda shouts!
You hit the orc.
You kill the orc!
The gnoll hits you from afar with a +0 spear.
The gnoll barely misses you.
The gnoll bouda barks out a call to the hunt!
The gnolls pick up the pace!
Items here: ))) †.
You hit the gnoll but do no damage.
The gnoll is poisoned.
The gnoll hits you from afar with a +0 spear!
The gnoll barely misses you.
You barely miss the gnoll.
The gnoll is lightly wounded.
The gnoll closely misses you. The gnoll hits you with a +0 club.
You hit the gnoll but do no damage.
The gnoll looks even sicker.
The gnoll is lightly wounded.
The gnoll hits you from afar with a +0 spear.
* * * LOW HITPOINT WARNING * * *
The gnoll hits you with a +0 club!
* * * LOW HITPOINT WARNING * * *
You hit the gnoll.
The gnoll looks as sick as possible!
The gnoll is moderately wounded.
The gnoll closely misses you. The gnoll hits you with a +0 club!
You die...

#.# #.#
#.# .g.
#g# #g#
#g# #@#
#.#
##)#####
#......#
#...<..###
#........+
#....[.###
#....#.#
#.#.##.#


You could see a gnoll bouda and 3 gnolls.

Vanquished Creatures
  Grinder (Sewer)
  An ogre (D:6)
  2 kobold brigands (Sewer)
  A scorpion (D:4)
  A hound (D:4)
  A sleepcap (D:6)
  An iguana (D:6)
  An orc wizard (D:3)
  6 adders
  3 shadow imps (Sewer)
  4 ufetubi (Sewer)
  An adder zombie (Sewer)
  2 worms
  2 dart slugs
  12 orcs
  5 bats
  8 endoplasms
  5 giant cockroaches (D:3)
  11 goblins
  4 hobgoblins
  2 jackals (D:1)
  2 quokkas (D:2)
  5 ball pythons
  A frilled lizard (D:3)
  17 kobolds
  A kobold zombie (Sewer)
  3 rats
103 creatures vanquished.

Vanquished Creatures (collateral kills)
  A giant cockroach (Sewer)
  3 kobolds (Sewer)
4 creatures vanquished.

Vanquished Creatures (others)
  A quasit (Sewer)
  A kobold zombie (Sewer)
2 creatures vanquished.

Grand Total: 109 creatures vanquished

Notes
Turn   | Place    | Note
-------+----------+-------------------------------------------
     0 | D:1      | H0rd4k the Human Artificer began the quest for the Orb.
     0 | D:1      | Reached XP level 1. HP: 15/15 MP: 1/1
   120 | D:1      | Reached XP level 2. HP: 13/21 MP: 2/2
   471 | D:1      | Reached XP level 3. HP: 15/26 MP: 3/3
   822 | D:2      | Reached skill level 1 in Maces & Flails
  1048 | D:2      | Reached XP level 4. HP: 11/32 MP: 4/4
  1364 | D:2      | Found Pifibbez's General Store.
  2157 | D:3      | Found a glowing drain.
  2181 | Sewer    | Entered a sewer
  2428 | Sewer    | Reached XP level 5. HP: 19/37 MP: 5/5
  2668 | Sewer    | Found a burning altar of Makhleb.
  2668 | Sewer    | Noticed a kobold brigand
  2696 | Sewer    | Killed a kobold brigand
  2697 | Sewer    | Reached skill level 1 in Short Blades
  2697 | Sewer    | Reached XP level 6. HP: 44/44 MP: 6/6
  2702 | Sewer    | Noticed Grinder
  2746 | Sewer    | Killed Grinder
  3086 | D:3      | Reached XP level 7. HP: 49/51 MP: 7/7
  3356 | D:3      | Found a faded altar of an unknown god.
  4219 | D:4      | Found a radiant altar of Vehumet.
  4249 | D:4      | You fall into a shaft and drop 2 floors!
  4715 | D:6      | Slain by a gnoll

Illustrated notes

Levels and vault maps discovered:
D:1:      minmay_arrival_radiant_lines, layout_basic
D:2:      layout_basic, serial_shops, nicolae_shop_real_fake_doors,
          chequers_serial_rivers_micro_a
D:3:      layout_rooms, gup_sewer_entry_pipe,
          hellmonk_ecumenical_altar_heavens_door
D:4:      layout_basic, nicolae_vehumet_radiance, chequers_serial_rivers_large_b
D:6:      layout_loops_corners, beargit_hepliaklqana_dungeon_heroes,
          uniq_edmund, uniq_prince_ribbit1, uniq_maggie

Skill      XL: |  1  2  3  4  5  6  7 |
---------------+----------------------+-----
Maces & Flails | 1 2 |  2.2
Dodging        | 2 3 4 |  4.2
Fighting       | 2 3 |  3.6
Short Blades   | 1 2 3 |  3.5
Evocations     | 4 |  4.2
Armour         | |  2.0
Stealth        | |  1.5

Action                     |  1- 3 |  4- 6 |  7- 9 || total
---------------------------+-------+-------+-------++-------
  Melee: Club              |   151 |   102 |       ||   253
         Punch             |     4 |     1 |     2 ||     7
         Dagger            |       |    95 |   140 ||   235
  Evoke: Wand              |       |    14 |       ||    14
    Use: Potion            |       |     1 |       ||     1
   Stab: Sleeping          |     2 |       |       ||     2
 Armour: Leather armour    |    72 |    58 |    13 ||   143
         Skin              |       |     9 |       ||     9
  Dodge: Dodged            |   123 |   155 |    58 ||   336
